AoeStats
← simplicissimus

Arabia

505863885Analyzed
1v1 RM · 21d ago on Sep 11, 2026· 44m 46s· 2 players
Game mode
Random Map
Map size
Tiny (2 player)
Population
200
Speed
Normal
Resources
Standard
Victory
Conquest
Starting age
Dark Age
Ending age
Imperial Age
RankedLock teamsTeams togetherTeam positionsShared explorationLock speedFull tech treeHidden civsTurbo modeCheats
Victory
Defeat
🇩🇪 Bulgarians · Germany
1095
+15
🇩🇪 Goths · Germany
1081
-15
[LOLS]TarmacMax
10:48 Feudal Age
9:07 Loom
10:53 Feudal Age
11:09 Man-at-Arms
14:21 Forging
14:56 Scale Mail Armor
17:54 Horse Collar
22:55 Fletching
23:05 Padded Archer Armor
28:15 Castle Age
30:20 Double-Bit Axe
32:15 Heavy Plow
34:17 Gold Mining
34:57 Bow Saw
35:33 Wheelbarrow
41:48 Imperial Age
39:11 Pikeman
39:52 Squires
42:57 Perfusion
42:59 Herbal Medicine
42:57 Halberdier
43:55 Chain Mail Armor
44:16 Iron Casting
simplicissimus
6:47 Loom
9:32 Feudal Age
10:42 Double-Bit Axe
16:44 Fletching
20:30 Wheelbarrow
23:34 Castle Age
23:15 Bloodlines
23:20 Horse Collar
23:33 Gold Mining
25:15 Bow Saw
25:53 Bodkin Arrow
26:04 Scale Barding Armor
31:34 Heavy Plow
32:53 Stone Mining
33:36 Town Watch
35:20 Husbandry
36:02 Hand Cart
36:15 Hand Cart
36:27 Chain Barding Armor
39:29 Imperial Age
37:05 Stirrups
37:24 Forging
37:15 Scale Mail Armor
38:14 Gold Shaft Mining
38:35 Iron Casting
39:40 Chain Mail Armor
39:25 Light Cavalry
41:19 Plate Barding Armor
40:14 Cavalier
41:15 Gambesons
41:32 Squires
41:18 Arson
42:13 Plate Mail Armor
42:34 Town Patrol
43:05 Elite Konnik
43:51 Bagains
Connection lost

Rejoining the realm…

Still unreachable

The connection could not be restored.

Session expired

The server has moved on; the page needs a fresh start.